 Dungeon Sprint DCSS version 0.30.1-9-gdf580d7c3d (webtiles) character file.

Game seed: 8372781811348552675

7 Heoruswealwe the Trooper (level 1, -3/20 HPs)
             Began as a Minotaur Fighter on Oct 25, 2023.
             Killed by divine providence
             ... invoked by an orc priest
              (11 damage)
             ... in the Dungeon (Sprint IX: "|||||||||||||||||||||||||||||").
             The game lasted 00:00:18 (25 turns).

Heoruswealwe the Trooper (Minotaur Fighter)           Turns: 25, Time: 00:00:19

Health: -3/20      AC:  7    Str: 20    XL:     1   Next: 83%
Magic:  0/0        EV:  9    Int:  5    God:
Gold:   0          SH:  4    Dex:  9    Spells: 0/0 levels left

rFire   . . .        a - +0 trident
rCold   . . .        d - +0 buckler
rNeg    . . .        c - +0 scale mail
rPois   .            (helmet restricted)
rElec   .            (no cloak)
rCorr   .            (no gloves)
SInv    .            (no boots)
Will    .....        (no amulet) Stlth
                     (no ring)
HPRegen 0.23/turn    (no ring)
MPRegen 0.07/turn

%: no teleportation
@: no status effects
A: horns 2, retaliatory headbutt
a: no special abilities


You were in the Dungeon.
You visited 1 branch

Inventory:

Hand Weapons
 a - a +0 trident (weapon)
Armour
 c - a +0 scale mail (worn)
 d - a +0 buckler (worn)
Scrolls
 j - a scroll of blinking
Potions
 b - a potion of might
 e - a potion of curing
 f - a potion of heal wounds
 g - a potion of haste
 i - a potion of berserk rage


   Skills:
 + Level 4.3 Fighting
 * Level 4.0 Polearms
 + Level 4.2 Armour
 - Level 3.6 Shields


You couldn't memorise any spells.
You didn't know any spells.
Your spell library was empty.

Dungeon Overview and Level Annotations

Branches:
Dungeon (1/1)

Altars:


Innate Abilities, Weirdness & Mutations

You have a pair of horns on your head.
You reflexively headbutt those who attack you in melee.


Message History

Items here: ) †††.
An open door to the Dungeon.
You open the door.
A hound, a white imp, an orc priest, a sleepcap and an iguana come into view.
The white imp shouts, "Crawl home, thou pecksniffian weather-bitten canker-blossom!"
The orc priest shouts!
The hound bites you but does no damage. The white imp puffs mist at you.
You hit the hound.
The hound is lightly wounded.
The hound closely misses you.
The orc priest calls down the wrath of Beogh upon you.
Beogh smites you!
Ouch! That really hurt!
You puncture the hound!
You headbutt the hound, but do no damage.
The hound is severely wounded.
The hound misses you. x2
You closely miss the hound.
The hound is severely wounded.
The hound bites you.
The orc priest looks satisfied for a moment.
The hound bites you but does no damage.
You closely miss the hound.
The hound is severely wounded.
The hound barely misses you.
The white imp sputters.
The hound barely misses you. You furiously retaliate!
You headbutt the hound, but do no damage.
You closely miss the hound.
You headbutt the hound, but do no damage.
The hound is severely wounded.
You block the hound's attack.
You hit the hound but do no damage. Your headbutt misses the hound.
The hound is severely wounded.
The hound bites you but does no damage.
The orc priest calls down the wrath of Beogh upon you.
Beogh smites you!
Ouch! That really hurt!
You die...

▓.▓
▓!▓
▓.▓
▓)▓
▓.▓
▓.▓
▓.▓
▓.▓
▓@▓
▓h▓
▓5▓
▓o▓
▓f▓
▓l▓
▓.▓
▓+▓


You could see a sleepcap, an iguana, a hound, an orc priest and a white imp.

Vanquished Creatures
  A dart slug (D)
  A goblin (D)
  A quokka (D)
  A ball python (D)
  A bat (D)
5 creatures vanquished.

Notes
Turn   | Place    | Note
-------+----------+-------------------------------------------
     0 | D        | Heoruswealwe the Minotaur Fighter began the quest for the
                  | Orb.
     0 | D        | Reached XP level 1. HP: 19/19 MP: 0/0
    19 | D        | Noticed a hound
    19 | D        | Noticed an orc priest
    19 | D        | Noticed a sleepcap
    19 | D        | Noticed an iguana
    25 | D        | Killed from afar by an orc priest

Illustrated notes

Levels and vault maps discovered:
D:        linesprint [early_d, line_temple, items_1, d_10, items_2, lair_1,
          lair_end, items_3, orc_1, orc_end, items_4, d_15, swamp_1, shoals_1,
          snake_1, spider_1, d_20, vaults_1, items_5, swamp_end, shoals_end,
          snake_end, spider_end, vaults_end, d_27, items_6, zot_1, zot_end,
          crypt_end, forest_end, elf_end, slime_end, tomb_end, abyss_end,
          pan_hell_end]

Skill      XL: |  1 |
---------------+----+-----
Polearms       | 4 |  4.0
Fighting       | 4 |  4.3
Armour         | 4 |  4.2
Shields        | |  3.6

Action                     || total
---------------------------++-------
  Melee: Trident           ||    12
         Headbutt          ||     3
 Armour: Scale mail        ||     4
  Dodge: Dodged            ||     6
  Block: Buckler           ||     3
